 Dungeon Crawl Stone Soup version 0.19-a0-414-g76fec5b (webtiles) character file.

76 namelastname112 the Skirmisher (level 4, -8/29 HPs)
             Began as a Kobold Wanderer on May 31, 2016.
             Killed by divine providence
             ... invoked by an orc priest
              (13 damage)
             ... on level 2 of the Dungeon.
             The game lasted 00:03:48 (2763 turns).

namelastname112 the Skirmisher (Kobold Wanderer)    Turns: 2763, Time: 00:03:48

Health: -8/29      AC:  5    Str: 12    XL:     4   Next: 57%
Magic:  4/4        EV: 14    Int:  7    God:
Gold:   101        SH:  0    Dex: 17    Spells: 0 memorised, 3 levels left

rFire  . . .     SeeInvis .     e - +0 dagger
rCold  . . .     Gourm    .     p - +0 leather armour
rNeg   . . .     Faith    .     (shield restricted)
rPois  .         Spirit   .     n - +0 helmet
rElec  .         Dismiss  .     c - +0 cloak
rCorr  .         Reflect  .     (no gloves)
SustAt .         Harm     .     (no boots)
MR     .....                    (no amulet)
Stlth  ++........               (no ring)
                                (no ring)

@: not resistant to hostile enchantments, unstealthy
A: carnivore 3
a: no special abilities


You were on level 2 of the Dungeon.
You were full.

You visited 1 branch of the dungeon, and saw 3 of its levels.

You collected 101 gold pieces.

Inventory:

Hand Weapons
 e - a +0 dagger (weapon)
Armour
 c - a +0 cloak (worn)
 n - a +0 helmet (worn)
 p - a +0 leather armour (worn)
Scrolls
 a - a scroll of enchant weapon {unknown}
 b - 2 scrolls of blinking {unknown}
 g - 5 scrolls of teleportation {unknown}
 h - a scroll of identify {unknown}
 j - a scroll of amnesia {unknown}
 k - 2 scrolls of remove curse {unknown}
 m - a scroll of random uselessness {unknown}
Potions
 f - a potion of brilliance {unknown}
 i - a potion of degeneration {unknown}
 l - a potion of magic {unknown}
 o - a potion of cancellation {unknown}
 q - a potion of agility {unknown}
 r - a potion of curing {unknown}
 t - a potion of mutation {unknown}
Comestibles
 d - 2 meat rations
 s - a slice of pizza


   Skills:
 + Level 3.8 Fighting
 + Level 1.8 Short Blades
   Level 1.5 Polearms
 + Level 2.9 Armour
 + Level 1.9 Dodging
 + Level 2.6 Stealth
   Level 1.0 Shields


You had 3 spell levels left.
You didn't know any spells.

Dungeon Overview and Level Annotations

Branches:
Dungeon (3/15)

Altars:
Fedhas
Kikubaaqudgha


Innate Abilities, Weirdness & Mutations

You are small and have problems with some larger weapons.
You are carnivorous and can eat meat at any time.


Message History

You take 5 damage, and have 5/29 hp.
You are too injured to fight recklessly!
You are too injured to fight recklessly!
You are too injured to fight recklessly!
You barely miss the orc priest.
The orc priest is moderately wounded.
The orc priest misses you.
You completely miss the orc priest.
The orc priest is moderately wounded.
You hit the orc priest but do no damage.
The orc priest is moderately wounded.
The orc priest barely misses you.
You hit the orc priest but do no damage.
The orc priest is moderately wounded.
The orc priest miscasts a cantrip.
You hit the orc priest but do no damage.
The orc priest is moderately wounded.
The orc priest mumbles some strange prayers to Beogh against you.
Beogh smites you!
You die...

..............##.####.# #.#
############.......##.# #.#
........).##.#.....##.# #.#
#########.##.#.....##.# #.#
...........#.#...####># #.#
########.#.#.##..####.#####.#
#........#.#.##..##(......#.#
#.#..#####.#.###o##.#.....#.#
#.#..#####.#.# #@##.#######.#
#.#..#.....#.# #.#..........#
#.#........#.# #.############
#...†......#.# #.#
###...######.###.#
...............#.#
################.#
..............(.<#
##################


You could see an orc priest.

Vanquished Creatures
  3 adders (D:2)
  A worm (D:2)
  2 dart slugs
  2 giant geckos
  5 orcs
  A bat (D:1)
  2 giant cockroaches
  3 goblins
  5 hobgoblins
  A quokka (D:2)
  2 giant newts (D:2)
  5 kobolds
  2 rats (D:2)
34 creatures vanquished.

Notes
Turn   | Place    | Note
--------------------------------------------------------------
     0 | D:1      | namelastname112 the Kobold Wanderer began the quest for the Orb.
     0 | D:1      | namelastname112 set off with: a +2 spear, a +0 hand axe, a +0 ring mail, a meat ration
     0 | D:1      | Reached XP level 1. HP: 14/14 MP: 1/1
   189 | D:1      | Reached skill level 1 in Short Blades
   189 | D:1      | Reached XP level 2. HP: 18/19 MP: 2/2
   747 | D:2      | Reached skill level 1 in Dodging
   747 | D:2      | Reached XP level 3. HP: 17/23 MP: 3/3
  1533 | D:2      | Found a blossoming altar of Fedhas.
  1535 | D:2      | Found an ancient bone altar of Kikubaaqudgha.
  1752 | D:2      | Reached XP level 4. HP: 8/28 MP: 4/4
  2668 | D:3      | Found a faded altar of an unknown god.
  2763 | D:2      | Killed from afar by an orc priest

Vault maps used:
D:1:      lightli_arrival_windingriver
D:2:      grunt_temple_overflow_growth_and_decay
D:3:      ecumenical_altar_1, uniq_iyjb

Skill      XL: |  1  2  3 |
---------------+----------+-----
Short Blades   | 1 |  1.8
Dodging        | 1 |  1.9
Stealth        | 2 |  2.6
Fighting       | |  3.8
Polearms       | |  1.5
Armour         | |  2.9
Shields        | |  1.0

Action                   |  1- 3 |  4- 6 || total
-------------------------+-------+-------++-------
Melee: Dagger            |   173 |    77 ||   250
       Spear             |     2 |       ||     2
 Stab: Sleeping          |     1 |     2 ||     3
  Eat: Chunk             |     4 |     8 ||    12
Armor: Ring mail         |    27 |       ||    27
       Leather armour    |    18 |    17 ||    35
Dodge: Dodged            |   105 |    45 ||   150
